 Dungeon Crawl Stone Soup version 0.26.0-10-g1f06aea511 (webtiles) character file.

Game seed: 6424625532322947053

5404 MisterFreud the Cleaver (level 10, -16/81 HPs)
             Began as a Deep Dwarf Monk on Jan 16, 2021.
             Was a Believer of Makhleb.
             Demolished by a boulder beetle (23 damage)
             ... on level 9 of the Dungeon.
             The game lasted 00:12:11 (6806 turns).

MisterFreud the Cleaver (Deep Dwarf Monk)           Turns: 6806, Time: 00:12:11

Health: -16/81     AC: 13    Str: 19    XL:     10   Next: 40%
Magic:  3/3        EV: 12    Int: 10    God:    Makhleb [**....]
Gold:   259        SH:  0    Dex: 15    Spells: 9/9 levels left

rFire    + . .     SeeInvis .   y - +2 war axe (freeze)
rCold    . . .     Faith    .   (no shield)
rNeg     . . .     Spirit   .   h - +1 ring mail
rPois    +         Reflect  .   u - +2 hat
rElec    .         Harm     .   A - +2 cloak {rPois}
rCorr    +         Rampage  .   (no gloves)
Will     +....                  (no boots)
Stlth    +.........             C - amulet of inaccuracy (curse)
HPRegen  0.00/turn              o - ring of resist corrosion
MPRegen  0.08/turn              D - ring of protection from fire

@: non-regenerating
A: damage resistance, heal wounds, sense surroundings 2, no regeneration
a: Heal Wounds, Renounce Religion, Minor Destruction


You were on level 9 of the Dungeon.
You worshipped Makhleb.
Makhleb was pleased with you.
You visited 2 branches of the dungeon, and saw 10 of its levels.

You collected 415 gold pieces.
You spent 156 gold pieces at shops.

Inventory:

Hand Weapons
 a - a +0 hand axe
 y - a +2 war axe of freezing (weapon)
 H - a +4 vorpal flail
Missiles
 d - 48 poisoned darts
 v - 12 throwing nets
 z - 5 boomerangs
 G - 6 curare-tipped darts
Armour
 b - a +0 robe
 h - a +1 ring mail (worn)
 i - a +0 helmet
 m - the +0 cloak of Subjectivity {rF+ Int+3}
   (You found it on level 4 of the Dungeon)

   It affects your intelligence (+3).
   It protects you from fire.
 u - a +2 hat (worn)
 A - a +2 cloak of poison resistance (worn)
 O - the +3 hat of Pondering {ponderous, Will+ MP+10 Int+5}
   (You found it on level 9 of the Dungeon)

   It affects your intelligence (+5).
   It affects your willpower, your defense against some magical effects.
   It affects your magic capacity (+10).
Jewellery
 n - an uncursed ring of willpower {unknown}
 o - a ring of resist corrosion (left hand)
 r - an uncursed ring of protection from fire
 x - a +6 ring of strength
 C - a cursed amulet of inaccuracy (around neck)
 D - a ring of protection from fire (right hand)
 E - an uncursed ring of flight {unknown}
Wands
 B - a wand of paralysis (5)
Scrolls
 q - a scroll of teleportation
 t - 2 scrolls of remove curse {unknown}
 w - 7 scrolls of identify
 F - a scroll of enchant armour
 I - a scroll of fog
 J - 2 scrolls of blinking {unknown}
 K - a scroll of immolation {unknown}
Potions
 c - a potion of flight
 e - 3 potions of mutation
 f - a potion of brilliance
 g - 4 potions of curing
 j - 3 potions of haste
 k - a potion of heal wounds {unknown}
 l - 2 potions of berserk rage
 p - 3 potions of attraction
 s - a potion of lignification {unknown}
 L - a potion of degeneration {unknown}
 M - a potion of resistance {unknown}
 N - a potion of magic {unknown}


   Skills:
 - Level 2.6 Fighting
 + Level 14.5 Axes
 - Level 8.0 Armour
 - Level 3.2 Dodging
 - Level 2.4 Stealth


You had 9 spell levels left.
You didn't know any spells.
Your spell library contained the following spells:

 Spells                   Type           Power        Failure   Level
 Beastly Appendage        Tmut           0%           52%         1
 Sandblast                Erth           0%           52%         1
 Shock                    Conj/Air       0%           52%         1
 Summon Small Mammal      Summ           0%           52%         1
 Call Imp                 Summ           0%           65%         2
 Passwall                 Tmut/Erth      0%           65%         2
 Swiftness                Air            0%           65%         2
 Wereblood                Tmut           0%           65%         2
 Call Canine Familiar     Summ           0%           87%         3
 Spider Form              Tmut/Pois      0%           87%         3
 Static Discharge         Conj/Air       0%           87%         3
 Stone Arrow              Conj/Erth      0%           87%         3
 Summon Guardian Golem    Hex/Summ       0%           87%         3
 Airstrike                Air            0%           99%         4
 Ice Form                 Ice/Tmut       0%           99%         4
 Petrify                  Tmut/Erth      0%           99%         4
 Summon Ice Beast         Ice/Summ       0%           99%         4
 Summon Lightning Spire   Summ/Air       0%           99%         4
 Blade Hands              Tmut           0%           100%        5
 Lee's Rapid Deconstruct  Erth           0%           100%        5
 Lightning Bolt           Conj/Air       0%           100%        5


Dungeon Overview and Level Annotations

Branches:
Dungeon (9/15)             Temple (1/1) D:7            Lair (0/6) D:8
    Orc: D:9-12

Altars:
Ashenzari
Cheibriados
Dithmenos
Elyvilon
Fedhas
Gozag
Hepliaklqana
Kikubaaqudgha
Makhleb
Nemelex Xobeh
Okawaru
Qazlal
Ru
Sif Muna
Trog
Uskayaw
Vehumet
Wu Jian
Yredelemnul
Zin
The Shining One

Shops:
D:4 [   D:5 *   D:7 (}

Annotations:
D:4 1 runed translucent door, Crazy Yiuf
D:7 1 runed translucent door, denisd0's ghost, amateur DrAE


Innate Abilities, Weirdness & Mutations

You are resistant to damage.
You can heal yourself by infusing magical energy.
You passively map the area around you.
You do not regenerate.


Message History

You hit the boulder beetle but do no damage.
The boulder beetle is moderately wounded.
The boulder beetle closely misses you.
You feel much better. The boulder beetle bites you!
You barely miss the boulder beetle.
The boulder beetle is moderately wounded.
You slice the boulder beetle!! You freeze the boulder beetle!
The boulder beetle is severely wounded.
The boulder beetle bites you!
You hit the boulder beetle but do no damage.
The boulder beetle is severely wounded.
The boulder beetle bites you!!
* * * LOW HITPOINT WARNING * * *
You hit the boulder beetle but do no damage.
The boulder beetle is severely wounded.
The boulder beetle barely misses you.
You hit the boulder beetle but do no damage.
The boulder beetle is severely wounded.
The boulder beetle bites you!!
You die...

......................^.>..# #
##########################.# #
.....# #.# # .....# ##* #.# #
.....# ##.###.# # .....# ###**
#.#.##.# # .....### #§§S###*
#.#.##.###### .......#
#≈§§#.'#####.#.'..#..... .....#.#
#S§=+.B@##.÷..###.#.#### .....#.#
#≈§§#.'#.#)#### #.#.# ######.#
#§≈S####...# #.#.# .....#.# ###
#.#.# #...# ####.#.# ##.## #.###
.......# ### #.##### .......#
#....<#
.......###################..#####
.........................#.......


You could see a boulder beetle and 3 lava snakes.

Vanquished Creatures
  2 komodo dragons (D:8)
  A wyvern (D:8)
  3 redbacks (D:9)
  A yak (D:8)
  A steam dragon (D:8)
  Edmund (D:6)
  A water moccasin (D:8)
  2 ice beasts
  An orc warrior (D:6)
  2 sky beasts
  3 black bears
  7 ogres
  2 phantoms
  A necrophage (D:8)
  A centaur (D:7)
  4 bullfrogs
  2 gnoll sergeants (D:5)
  5 killer bees (D:9)
  4 scorpions
  A centaur zombie (D:6)
  A quasit (D:7)
  5 orc priests
  10 hounds
  2 gnoll shamans (D:5)
  A jelly (D:8)
  An iguana (D:4)
  4 orc wizards
  6 worker ants
  A hound zombie (D:7)
  A howler monkey zombie (D:5)
  Robin (D:3)
  22 gnolls
  8 adders
  A shadow imp (D:8)
  2 white imps
  3 ufetubi
  An adder skeleton (D:4)
  2 worms
  A dart slug (D:1)
  3 leopard geckos
  32 orcs
  A ball python (D:1)
  11 bats
  3 giant cockroaches
  16 goblins
  15 hobgoblins
  12 jackals
  3 quokkas
  4 frilled lizards
  A jackal skeleton (D:4)
  7 kobolds
  3 leopard gecko skeletons
  10 rats
239 creatures vanquished.

Vanquished Creatures (others)
  24 fungi (D:8)
  31 plants (D:8)
55 creatures vanquished.

Grand Total: 294 creatures vanquished

Notes
Turn   | Place    | Note
-------+----------+-------------------------------------------
     0 | D:1      | MisterFreud the Deep Dwarf Monk began the quest for the
                  | Orb.
     0 | D:1      | Reached XP level 1. HP: 20/20 MP: 1/1
   115 | D:1      | Reached XP level 2. HP: 14/27 MP: 2/2
   127 | D:1      | Reached skill level 4 in Axes
   523 | D:2      | Reached XP level 3. HP: 10/33 MP: 3/3
   584 | D:2      | Found a faded altar of an unknown god.
   685 | D:2      | Reached skill level 5 in Axes
   908 | D:2      | Found an iron altar of Okawaru.
  1173 | D:2      | Reached XP level 4. HP: 21/40 MP: 3/3
  1421 | D:3      | Noticed Robin
  1475 | D:3      | Killed Robin
  1476 | D:3      | Reached skill level 6 in Axes
  1636 | D:3      | Reached XP level 5. HP: 40/46 MP: 3/3
  1790 | D:3      | Reached skill level 7 in Axes
  1943 | D:3      | Found a hazy altar of Hepliaklqana.
  2063 | D:4      | Reached XP level 6. HP: 45/55 MP: 4/4
  2128 | D:4      | Reached skill level 8 in Axes
  2128 | D:4      | Reached skill level 1 in Armour
  2158 | D:4      | Reached XP level 7. HP: 58/61 MP: 4/4
  2188 | D:4      | Found a shadowy altar of Dithmenos.
  2188 | D:4      | Found a sparkling altar of Nemelex Xobeh.
  2189 | D:4      | Found a glowing golden altar of the Shining One.
  2274 | D:4      | Found Vohent's Antique Armour Shoppe.
  2332 | D:4      | Bought an embroidered cloak for 120 gold pieces
  2405 | D:4      | Found a runed translucent door.
  2406 | D:4      | Noticed Crazy Yiuf
  2432 | D:4      | Reached skill level 9 in Axes
  2776 | D:4      | Got a jewelled cloak
  2787 | D:4      | Identified the +0 cloak of Subjectivity {rF+ Int+3} (You
                  | found it on level 4 of the Dungeon)
  2806 | D:5      | Entered Level 5 of the Dungeon
  2806 | D:5      | Found a hide-covered altar of Uskayaw.
  2889 | D:5      | Found Waofy's General Store.
  2894 | D:5      | Bought a potion of curing for 36 gold pieces
  2968 | D:5      | Reached XP level 8. HP: 54/68 MP: 5/5
  3002 | D:5      | Reached skill level 5 in Armour
  3142 | D:5      | Reached skill level 10 in Axes
  3554 | D:6      | Noticed Edmund
  3566 | D:6      | Killed Edmund
  3838 | D:6      | Gained mutation: You passively map the area around you.
                  | [Deep Dwarf growth]
  3838 | D:6      | Reached XP level 9. HP: 48/74 MP: 6/6
  4039 | D:6      | Reached skill level 11 in Axes
  4628 | D:6      | Found an ornate altar of the Wu Jian Council.
  4660 | D:7      | Found a staircase to the Ecumenical Temple.
  4670 | Temple   | Entered the Ecumenical Temple
  4899 | D:7      | Found Vacodgha's Gadget Shop.
  5014 | D:7      | Found a runed translucent door.
  5015 | D:7      | Noticed denisd0's ghost (amateur DrAE)
  5129 | D:7      | Reached skill level 12 in Axes
  5183 | D:7      | Found Kuthra's Weapon Emporium.
  5368 | D:8      | Noticed a komodo dragon
  5414 | D:8      | Killed a komodo dragon
  5415 | D:8      | Reached skill level 13 in Axes
  5425 | D:8      | Found a staircase to the Lair.
  5463 | D:8      | Noticed a komodo dragon
  5481 | D:8      | Killed a komodo dragon
  5482 | D:8      | Reached XP level 10. HP: 23/81 MP: 4/4
  5633 | D:8      | Found a burning altar of Makhleb.
  5640 | D:8      | Became a worshipper of Makhleb the Destroyer
  5640 | D:8      | Reached * piety under Makhleb
  5640 | D:8      | Reached ** piety under Makhleb
  5756 | D:8      | Found a shimmering blue altar of Sif Muna.
  5913 | D:8      | Found a glowing silver altar of Zin.
  5933 | D:8      | Reached skill level 14 in Axes
  6014 | D:8      | Found an opulent altar of Gozag.
  6021 | D:8      | Found an ancient bone altar of Kikubaaqudgha.
  6376 | D:9      | Found a blossoming altar of Fedhas.
  6504 | D:9      | Found a runed translucent door.
  6505 | D:9      | Found the +3 hat of Pondering {ponderous, Will+ MP+10
                  | Int+5}
  6795 | D:9      | Noticed a boulder beetle
  6806 | D:9      | Demolished by a boulder beetle

Illustrated notes

Levels and vault maps discovered:
D:1:      amcnicky_arrival_flooded_fountain, layout_rooms
D:2:      layout_basic, nicolae_overflow_crystal_walls,
          chequers_ecumenical_altar_simple
D:3:      layout_loops_ring, nzn_hepliaklqana_mist_gate, tgw_xom, uniq_robin
D:4:      layout_rooms, gammafunk_temple_overflow_claw, serial_shops, shop,
          uniq_crazy_yiuf_cottage
D:5:      layout_cave_pools, overflow_temple_1_default, serial_gnoll_camp,
          gnoll_camp_mini_shop, gnoll_camp_medium_02, gnoll_camp_mini_doghouse,
          gnoll_camp_medium_01, gnoll_camp_mini_hut, corner_web_ring
D:6:      layout_layer_cave, pdpol_wu_jian_five_deadly_venoms,
          columned_hall_lemuel, uniq_edmund
D:7:      layout_rooms, minmay_temple_entry_mist, serial_shops, shop_statue,
          nicolae_shop_statue_plus, gammafunk_ghost_grave
D:8:      layout_loops_cross, lemuel_round_altar, lemuel_doored_altar,
          minitemple, due_lair_maze_entry_diamond
D:9:      gammafunk_indiana_jones, layout_basic, fedhas_altar_1
Temple:   jpeg_temple_island

Skill      XL: |  1  2  3  4  5  6  7  8  9 10 |
---------------+-------------------------------+-----
Axes           | 4 5 6 7 8 9 10 13 14 | 14.5
Armour         | 2 4 7 8 |  8.0
Fighting       | |  2.6
Dodging        | |  3.2
Stealth        | |  2.4

Action                   |  1- 3 |  4- 6 |  7- 9 | 10-12 || total
-------------------------+-------+-------+-------+-------++-------
Melee: Hand axe          |   146 |   200 |       |       ||   346
       War axe           |       |    19 |   456 |   194 ||   669
 Abil: Heal Wounds       |     2 |     5 |    12 |     5 ||    24
  Use: Scroll            |       |       |    13 |       ||    13
 Stab: Sleeping          |     2 |     5 |     2 |     2 ||    11
Armor: Robe              |     7 |       |       |       ||     7
       Ring mail         |    37 |    80 |   252 |    74 ||   443
Dodge: Dodged            |   117 |    94 |   292 |   138 ||   641
